 Dungeon Crawl Stone Soup version 0.25-a0-178-gc9f82b1288 (webtiles) character file.

Game seed: 17522620631582372858, levelgen mode: deterministic

504 Arum the Slasher (level 6, -2/49 HPs)
             Began as a Demonspawn Gladiator on Nov 26, 2019.
             Shot with an arrow by a centaur (6 damage)
             ... on level 5 of the Dungeon.
             The game lasted 00:04:31 (4547 turns).

Arum the Slasher (Demonspawn Gladiator)             Turns: 4547, Time: 00:04:32

Health: -2/49      AC:  7    Str: 15    XL:     6   Next: 96%
Magic:  6/6        EV: 13    Int: 10    God:
Gold:   183        SH:  4    Dex: 15    Spells: 5/5 levels left

rFire    . . .     SeeInvis .   a - +0 long sword
rCold    . . .     Gourm    .   (no shield)
rNeg     . . .     Faith    .   o - +0 ring mail (curse)
rPois    .         Spirit   .   c - +0 helmet
rElec    .         Reflect  .   (no cloak)
rCorr    .         Harm     .   (no gloves)
MR       .....                  e - +0 pair of boots
Stlth    +.........             (no amulet)
HPRegen  0.16/turn              q - ring of wizardry
MPRegen  0.10/turn              (no ring)

@: no status effects
A: claws 1, large bone plates 1, demonic guardian 1
a: no special abilities


You were on level 5 of the Dungeon.
You were hungry.

You visited 2 branches of the dungeon, and saw 6 of its levels.

You collected 183 gold pieces.

Inventory:

Hand Weapons
 a - a +0 long sword (weapon)
Armour
 c - a +0 helmet (worn)
 e - a +0 pair of boots (worn)
 o - a cursed +0 ring mail (worn)
Jewellery
 q - a ring of wizardry (left claw)
Wands
 v - a wand of random effects (22)
Scrolls
 d - 2 scrolls of magic mapping {unknown}
 h - a scroll of teleportation {unknown}
 j - a scroll of amnesia {unknown}
 k - 8 scrolls of identify {unknown}
 m - 2 scrolls of blinking {unknown}
 n - a scroll of enchant weapon {unknown}
 p - 2 scrolls of enchant armour {unknown}
 t - a scroll of fog {unknown}
Potions
 b - a potion of heal wounds {unknown}
 g - 2 potions of brilliance {unknown}
 i - 2 potions of flight {unknown}
 l - a potion of invisibility {unknown}
 r - a potion of cancellation {unknown}
 s - 2 potions of degeneration {unknown}
Comestibles
 f - 8 rations


   Skills:
 + Level 4.6 Fighting
 + Level 4.7 Long Blades
 - Level 1.7 Throwing
 + Level 4.6 Dodging


You had 5 spell levels left.
You didn't know any spells.
Your spell library was empty.

Dungeon Overview and Level Annotations

Branches:
Dungeon (5/15)             Temple (1/1) D:4

Altars:
Cheibriados
Dithmenos
Elyvilon
Fedhas
Gozag
Hepliaklqana
Nemelex Xobeh
Qazlal
Ru
Sif Muna
Uskayaw
Vehumet
Zin
The Shining One

Annotations:
D:4 exclusion: statue


Innate Abilities, Weirdness & Mutations

You have sharp fingernails.
You are partially covered in large bone plates. (SH +4)
A weak demonic guardian rushes to your aid.


Message History

You hit the shadow imp.
The shadow imp is severely wounded.
The shadow imp hits you but does no damage.
A gnoll comes into view. It is wielding a +0 whip.
You block the shadow imp's attack.
You swap places.
Your quasit closely misses the shadow imp.
Your quasit claws the shadow imp.
Your quasit barely misses the shadow imp.
The shadow imp closely misses your quasit.
Unknown command.
Your quasit misses the shadow imp.
Your quasit closely misses the shadow imp.
Your quasit claws the shadow imp but does no damage.
The shadow imp closely misses your quasit.
Your quasit bites the shadow imp but does no damage.
Your quasit claws the shadow imp but does no damage. x2
The centaur wields a +0 shortbow.
The centaur shoots an arrow.
The arrow barely misses your quasit. The arrow hits you.
You die...

.. #. #. ## #) .#
##. .# .####.. .#
......5##########
.##
#...c5..@..)..##..#
#..#..########..<..#
....# #####..#
...### .... .# ##.#
.


You could see a centaur, a shadow imp and a friendly quasit.

Vanquished Creatures
  An ice beast (D:3)
  A sky beast (D:4)
  A phantom (D:4)
  An orc wizard (D:4)
  3 iguanas
  3 gnolls (D:5)
  3 adders (D:3)
  3 oozes
  A worm (D:4)
  A leopard gecko (D:2)
  5 orcs
  A ball python (D:1)
  3 giant cockroaches (D:4)
  4 goblins
  7 hobgoblins
  3 jackals
  3 kobolds
  3 quokkas
  8 bats
  A frilled lizard (D:4)
  2 rats
58 creatures vanquished.

Vanquished Creatures (collateral kills)
  An orc priest (D:3)
  An orc (D:3)
  2 jackals (D:4)
4 creatures vanquished.

Grand Total: 62 creatures vanquished

Notes
Turn   | Place    | Note
-------+----------+-------------------------------------------
     0 | D:1      | Arum the Demonspawn Gladiator began the quest for the Orb.
     0 | D:1      | Reached XP level 1. HP: 16/16 MP: 1/1
   117 | D:1      | Gained mutation: You have sharp fingernails. [demonic
                  | ancestry]
   117 | D:1      | Reached XP level 2. HP: 22/22 MP: 2/2
  1131 | D:2      | Found a glowing golden altar of the Shining One.
  1167 | D:2      | Reached XP level 3. HP: 28/28 MP: 3/3
  1575 | D:3      | Noticed an ice beast
  1577 | D:3      | Found a snail-covered altar of Cheibriados.
  1604 | D:3      | Killed an ice beast
  1604 | D:3      | Gained mutation: A weak demonic guardian rushes to your
                  | aid. [demonic ancestry]
  1604 | D:3      | Reached XP level 4. HP: 8/35 MP: 4/4
  1875 | D:3      | Reached XP level 5. HP: 41/41 MP: 5/5
  2322 | D:3      | Found a hazy altar of Hepliaklqana.
  2912 | D:4      | Found a staircase to the Ecumenical Temple.
  2922 | Temple   | Entered the Ecumenical Temple
  3375 | D:4      | Noticed a sky beast
  3397 | D:4      | Killed a sky beast
  3397 | D:4      | Gained mutation: You are partially covered in large bone
                  | plates. (SH +4) [demonic ancestry]
  3397 | D:4      | Reached XP level 6. HP: 21/48 MP: 6/6
  3797 | D:4      | Found a sacrificial altar of Ru.
  4008 | D:4      | Found a radiant altar of Vehumet.
  4472 | D:5      | Entered Level 5 of the Dungeon
  4547 | D:5      | Shot with an arrow by a centaur

Levels and vault maps discovered:
D:1:      evilmike_arrival_crescent, layout_loops_corners
D:2:      layout_basic, tso_metal_star, first_ration,
          chequers_serial_rivers_micro_e
D:3:      layout_loops_cross, overflow_temple_1_default, lemuel_doored_altar
D:4:      layout_loops_ring, vehumet_statue, nicolae_ru_awakened_eye,
          minmay_temple_entry_arrows, ebering_dispersal_statue_hall
D:5:      layout_rooms, overflow_temple_1_default, lemuel_round_altar,
          basic_altar
Temple:   compressed_dpeg_triangle_lava_temple

Skill      XL: |  1  2  3  4  5 |
---------------+----------------+-----
Long Blades    | 3 4 |  4.7
Dodging        | 3 4 |  4.6
Fighting       | 3 4 |  4.6
Throwing       | |  1.7

Action                   |  1- 3 |  4- 6 || total
-------------------------+-------+-------++-------
Melee: Long sword        |    85 |   196 ||   281
Throw: Throwing net      |     3 |     1 ||     4
 Stab: Held in net/web   |     2 |     1 ||     3
  Eat: Chunk             |     2 |     9 ||    11
Armor: Leather armour    |     8 |       ||     8
       Ring mail         |    14 |    62 ||    76
Dodge: Dodged            |    60 |   102 ||   162
Block: Other             |       |    15 ||    15
       Rpst.: Long sword |    16 |    33 ||    49

Table legend:
 A = Non-vault XP
 B = Vault XP
 C = Vault XP percentage of total XP
 D = Non-vault monster count
 E = Vault monster count
 F = Vault count percentage of total count
                 A         B        C        D         E       F
            +---------+---------+-------+---------+---------+-------
      Total |     720 |       0 |   0.0 |      62 |       0 |   0.0
            +---------+---------+-------+---------+---------+-------
        D:1 |      36 |       0 |   0.0 |      16 |       0 |   0.0
        D:2 |      17 |       0 |   0.0 |       7 |       0 |   0.0
        D:3 |     263 |       0 |   0.0 |      18 |       0 |   0.0
        D:4 |     356 |       0 |   0.0 |      17 |       0 |   0.0
        D:5 |      48 |       0 |   0.0 |       4 |       0 |   0.0
            +---------+---------+-------+---------+---------+-------
